 Dungeon Crawl Stone Soup version 0.21-a0-201-g8501b10 (webtiles) character file.

104301 pkoi the Carver (level 15, -4/147 (148) HPs)
             Began as a Minotaur Monk on Aug 17, 2017.
             Was a High Priest of Okawaru.
             Killed by the raging water
             ... invoked by a water nymph
              (21 damage)
             ... on level 3 of the Shoals.
             The game lasted 00:58:32 (31486 turns).

pkoi the Carver (Minotaur Monk)                    Turns: 31486, Time: 00:58:33

HP:   -4/147 (148)  AC: 21    Str: 21    XL:     15   Next: 91%
MP:   22/22         EV: 12    Int:  7    God:    Okawaru [*****.]
Gold: 1585          SH:  0    Dex: 12    Spells: 14/14 levels left

rFire    + . .     SeeInvis +   a - +2 great sword (flame)
rCold    + + .     Gourm    .   (shield currently unavailable)
rNeg     . . .     Faith    .   R - +2 plate armour {rF+}
rPois    +         Spirit   .   O - +1 hat
rElec    .         Reflect  .   E - +0 cloak
rCorr    .         Harm     .   K - +0 pair of gloves
MR       +....     Rnd*Tele +   v - +0 pair of boots
Stlth    ..........             z - amulet of regeneration
HPRegen  0.74/turn              j - ring of poison resistance
MPRegen  0.18/turn              H - ring "Tage Nox" {rC+ SInv}

@: about to teleport, corroded, very slow
A: retaliatory headbutt, horns 2, thin metallic scales 1, cold resistance 1,
poison resistance, robust 1, teleportitis 1, weak 1
a: Heroism, Finesse, Renounce Religion


You were on level 3 of the Shoals.
You worshipped Okawaru.
Okawaru was extremely pleased with you.
You were very hungry.

You visited 4 branches of the dungeon, and saw 24 of its levels.
You also visited: Sewer, Bailey and Volcano.

You collected 1585 gold pieces.

Inventory:

Hand Weapons
 a - a +2 great sword of flaming (weapon)
 b - the +7 longbow of Charity {flame, +Fly MR+}
   (Okawaru gifted it to you on level 10 of the Dungeon)

   It causes projectiles fired from it to burn those they strike, causing extra
   injury to most foes and up to half again as much damage against particularly
   susceptible opponents.
   It affects your resistance to hostile enchantments.
   It lets you fly.
Missiles
 f - 616 arrows
Armour
 v - a +0 pair of boots (worn)
 E - a +0 cloak (worn)
 K - a +0 pair of gloves (worn)
 O - a +1 hat (worn)
 R - a +2 plate armour of fire resistance (worn)
Jewellery
 j - a ring of poison resistance (left hand)
 z - an amulet of regeneration (around neck)
 H - the ring "Tage Nox" (right hand) {rC+ SInv}
   (You took it off a gnoll in a bailey)

   [ring of see invisible]

   It protects you from cold.
   It lets you see invisible.
Wands
 k - a wand of paralysis (18/24)
 x - a wand of acid (7/15)
 y - a wand of digging (9/24)
 A - a wand of iceblast (7/15)
 I - a wand of digging (11/24)
 V - a wand of acid (4/15)
Scrolls
 d - 15 scrolls of identify
 g - 4 scrolls of amnesia
 i - 5 scrolls of enchant weapon
 m - a scroll of fear
 n - 11 scrolls of remove curse
 q - a scroll of silence
 r - 19 scrolls of teleportation
 t - a scroll of blinking
 u - 6 scrolls of fog
 w - 3 scrolls of recharging
 B - 5 scrolls of enchant armour
 F - 2 scrolls of magic mapping
Potions
 e - a potion of haste
 h - 10 potions of curing
 o - 3 potions of heal wounds
 p - 4 potions of magic
 s - 5 potions of flight
 D - a potion of invisibility
 G - 2 potions of resistance
 J - 3 potions of agility
 P - 2 potions of berserk rage
Comestibles
 c - 11 bread rations
 l - 8 royal jellies
 C - 9 meat rations
 M - 11 fruits


   Skills:
 + Level 13.1 Fighting
 + Level 14.5 Long Blades
 + Level 11.9 Bows
 + Level 13.3 Armour
 + Level 12.6 Dodging
 - Level 1.5 Stealth
 - Level 11.1 Invocations
 - Level 8.9 Evocations


You had 14 spell levels left.
You didn't know any spells.

Dungeon Overview and Level Annotations

Branches:
Dungeon (14/15)            Temple (1/1) D:4            Lair (6/6) D:10
 Shoals (3/4) Lair:2        Snake (0/4) Lair:4        Slime (0/5) Lair:5
    Orc (0/2) D:12         Vaults (0/5) D:13

Altars:
Ashenzari
Cheibriados
Dithmenos
Elyvilon
Fedhas
Gozag
Hepliaklqana
Kikubaaqudgha
Makhleb
Nemelex Xobeh
Okawaru
Qazlal
Ru
Sif Muna
Trog
Uskayaw
Vehumet
Wu Jian
Xom
Yredelemnul
Zin
The Shining One

Shops:
D:10 ?

Annotations:
D:14 4 runed doors
Lair:3 exclusion: 2 oklob plants
Shoals:3 exclusion: oklob plant


Innate Abilities, Weirdness & Mutations

You reflexively headbutt those who attack you in melee.
You have a pair of horns on your head.
You are partially covered in thin metallic scales. (AC +2)
Your flesh is cold resistant. (rC+)
Your system is resistant to poisons. (rPois)
You are robust. (+10% HP)
You are occasionally teleported next to monsters.
You are weak. (Str -2)


Message History

You hit the manticore but do no damage.
The manticore is almost dead.
The manticore bites you but does no damage.
The manticore claws you but does no damage.
The manticore claws you.
* * * LOW HITPOINT WARNING * * *
The water nymph touches you. The water nymph drowns you!
* * * LOW HITPOINT WARNING * * *
Unknown command.
You slash the manticore! You burn the manticore.
You kill the manticore!
Okawaru accepts your kill.
Your surroundings seem slightly different.
Splash!
Unknown command.
As you read the scroll of teleportation, it crumbles to dust.
You feel strangely unstable.
The water nymph gestures at you while chanting.
The water swirls and strikes you!
You die...

≈≈≈≈≈≈≈≈≈≈≈≈≈≈≈
≈≈≈≈≈≈≈≈≈≈≈≈≈≈≈
≈≈≈≈≈≈≈≈≈≈≈≈≈≈≈
≈≈≈≈≈≈≈≈≈≈≈≈≈≈≈≈≈≈≈≈≈≈
≈≈≈≈≈≈≈≈≈≈≈≈≈≈≈≈≈≈≈≈≈≈
≈≈≈≈≈≈≈≈≈≈≈≈≈≈≈≈≈≈≈≈≈≈
≈≈≈≈≈≈≈≈≈≈≈≈≈≈≈≈≈≈≈≈≈≈
≈≈≈≈≈≈≈≈≈≈≈≈≈≈@≈≈≈≈≈≈≈
≈≈≈≈≈≈≈≈≈≈≈.≈≈≈≈≈≈≈≈≈≈
≈≈≈≈≈≈≈≈≈≈≈≈≈≈P≈≈≈≈≈≈≈
≈≈≈≈≈≈≈≈≈m≈≈≈P_P≈≈≈≈≈≈
≈≈≈≈≈≈≈≈†≈≈...P≈≈≈≈≈≈≈
≈≈≈≈≈≈≈≈≈≈≈....≈≈≈≈≈≈≈
≈≈≈≈≈≈≈≈≈≈.....≈≈≈≈≈≈≈
≈≈≈≈≈≈≈≈≈≈...!..≈≈≈≈≈≈
≈≈≈≈≈≈≈≈≈..)...


You could see an oklob plant and a water nymph.

Vanquished Creatures
  Rupert (Lair:6)
  A stone giant (Volcano)
  2 dire elephants (Lair:6)
  A rakshasa (D:14)
  5 hydras
  A centaur warrior (D:14)
  2 satyrs (Shoals:2)
  2 catoblepae (Lair:6)
  5 two-headed ogres
  2 merfolk aquamancers (Shoals:1)
  13 death yaks
  3 tengu warriors
  4 skeletal warriors (D:13)
  A shadow wraith (D:13)
  A fire crab (Lair:6)
  The ghost of Blomdor the Cleaver, a novice BaFi (Bailey)
  An unseen horror (D:13)
  7 sea snakes
  A wizard (D:14)
  11 harpies
  A lindwurm (Lair:6)
  7 cyclopes
  3 deep elf magi
  3 elephants
  A wolf spider (D:13)
  A centaur zombie (D:13)
  6 fauns
  12 ugly things
  10 manticores
  6 merfolk sirens
  2 molten gargoyles (Volcano)
  2 water nymphs
  3 gargoyles
  12 spiny frogs
  Psyche (D:11)
  2 centaur skeletons
  3 rime drakes
  7 komodo dragons
  An efreet (Volcano)
  7 merfolk
  A wind drake (Shoals:1)
  2 polar bears (Lair:5)
  4 trolls
  8 blink frogs
  11 hippogriffs
  A meliai zombie (D:14)
  4 snapping turtles
  16 dream sheep
  2 centaur simulacra (D:14)
  19 flying skulls (D:13)
  A vampire (D:13)
  12 water elementals
  A spriggan (D:7)
  A wraith (D:12)
  37 yaks
  4 basilisks
  A human (shapeshifter) (D:14)
  3 hungry ghosts
  2 fire bats (Volcano)
  4 vampire mosquitoes (D:13)
  A steam dragon (Lair:3)
  2 nagas (Lair:4)
  Edmund (D:6)
  A soldier ant (D:10)
  6 water moccasins
  10 porcupines
  12 orc warriors
  A black bear (shapeshifter) (D:13)
  4 sky beasts
  A hornet zombie (D:13)
  A black bear (Lair:2)
  2 eyes of draining
  An eye of draining (shapeshifter) (D:13)
  4 ice beasts
  16 wolves
  4 boggarts (Lair:5)
  7 ogres
  2 necrophages
  2 phantoms
  9 centaurs
  19 crocodiles
  5 big kobolds
  Blork the orc (D:4)
  21 bullfrogs
  2 earth elementals (Volcano)
  11 scorpions
  An electric eel (Lair:5)
  7 wights
  3 howler monkeys (D:11)
  6 crimson imps
  7 lava snakes (Volcano)
  A bullfrog zombie (D:9)
  2 gnoll shamans
  A hound (D:11)
  2 jellies
  2 bullfrog skeletons
  9 orc priests
  Crazy Yiuf (D:2)
  25 orc wizards
  3 iguanas
  A hell rat (Lair:6)
  10 worker ants
  A hound zombie (D:5)
  2 human simulacra (D:9)
  A hound skeleton (D:5)
  A worker ant zombie (D:11)
  10 gnolls
  2 howler monkey skeletons (D:9)
  18 adders
  5 shadow imps
  7 oozes
  5 adder skeletons
  An adder zombie (D:7)
  5 worms
  4 dart slugs
  5 leopard geckos
  51 orcs
  A ball python (Sewer)
  10 bats
  6 giant cockroaches
  6 goblins
  9 hobgoblins
  4 jackals (D:4)
  11 quokkas
  7 frilled lizards
  32 kobolds
  A quokka skeleton (D:6)
  9 rats
  A butterfly (Lair:2)
  2 fungi
733 creatures vanquished.

Vanquished Creatures (others)
  A merfolk (Shoals:1)
  A hippogriff (D:9)
  A bush (Lair:6)
  8 fungi
  8 plants
19 creatures vanquished.

Grand Total: 752 creatures vanquished

Notes
Turn   | Place    | Note
-------+----------+-------------------------------------------
     0 | D:1      | pkoi the Minotaur Monk began the quest for the Orb.
     0 | D:1      | Reached XP level 1. HP: 19/19 MP: 0/0
   107 | D:1      | Reached skill level 4 in Long Blades
   159 | D:1      | Reached XP level 2. HP: 26/26 MP: 1/1
   598 | D:1      | Reached skill level 5 in Long Blades
   598 | D:1      | Reached XP level 3. HP: 26/31 MP: 2/2
  1102 | D:2      | Reached skill level 1 in Armour
  1195 | D:2      | Reached XP level 4. HP: 39/39 MP: 3/3
  1498 | D:2      | Found a runed door.
  1573 | D:3      | Noticed a centaur
  1582 | D:3      | Killed a centaur
  1582 | D:3      | Reached skill level 6 in Long Blades
  1582 | D:3      | Reached XP level 5. HP: 21/45 MP: 4/4
  1757 | D:3      | Reached skill level 7 in Long Blades
  1969 | D:3      | Found a glowing drain.
  2017 | D:3      | Reached XP level 6. HP: 43/51 MP: 5/5
  2028 | Sewer    | Entered a sewer
  2177 | Sewer    | Reached skill level 8 in Long Blades
  2304 | Sewer    | Reached XP level 7. HP: 46/57 MP: 6/6
  2932 | D:4      | Found a staircase to the Ecumenical Temple.
  2979 | Temple   | Entered the Ecumenical Temple
  3226 | Temple   | Became a worshipper of Warmaster Okawaru
  3226 | Temple   | Reached * piety under Okawaru
  3226 | Temple   | Reached ** piety under Okawaru
  3321 | D:4      | Noticed Blork the orc
  3329 | D:4      | Killed Blork the orc
  3440 | D:4      | Reached skill level 1 in Bows
  3443 | D:4      | Reached skill level 1 in Invocations
  3714 | D:5      | Entered Level 5 of the Dungeon
  3807 | D:5      | Reached skill level 5 in Armour
  3886 | D:5      | Reached XP level 8. HP: 59/66 MP: 8/8
  4366 | D:5      | Found a glowing silver altar of Zin.
  4472 | D:5      | Reached skill level 9 in Long Blades
  4830 | D:5      | Reached skill level 5 in Fighting
  4837 | D:5      | Reached *** piety under Okawaru
  5482 | D:6      | Reached skill level 5 in Dodging
  5908 | D:6      | Reached XP level 9. HP: 75/75 MP: 10/10
  6097 | D:6      | Found a shattered altar of Ashenzari.
  6097 | D:6      | Noticed Edmund
  6123 | D:6      | Killed Edmund
  6375 | D:7      | Reached **** piety under Okawaru
  6375 | D:7      | Received a gift from Okawaru
  6639 | D:7      | Received a gift from Okawaru
  6644 | D:7      | Reached skill level 10 in Long Blades
  7101 | D:2      | Noticed Crazy Yiuf
  7106 | D:2      | Killed Crazy Yiuf
  7313 | D:8      | Noticed a two-headed ogre
  7326 | D:8      | Killed a two-headed ogre
  7326 | D:8      | Received a gift from Okawaru
  7326 | D:8      | Reached skill level 5 in Bows
  7326 | D:8      | Reached XP level 10. HP: 24/86 MP: 9/12
  7943 | D:8      | Reached skill level 5 in Invocations
  8351 | D:8      | Received a gift from Okawaru
  8836 | D:9      | Found a snail-covered altar of Cheibriados.
  9504 | D:10     | Entered Level 10 of the Dungeon
  9745 | D:10     | Found Koleamaco's Magic Scroll Emporium.
  9766 | D:10     | Found a flagged portal.
  9770 | D:10     | Noticed a two-headed ogre
  9774 | D:10     | Received a gift from Okawaru
  9774 | D:10     | Reached ***** piety under Okawaru
  9774 | D:10     | Reached skill level 1 in Evocations
  9784 | D:10     | Killed a two-headed ogre
  9795 | Bailey   | Entered a bailey
  9995 | Bailey   | Noticed Blomdor's ghost (novice BaFi)
 10043 | Bailey   | Killed Blomdor's ghost
 10043 | Bailey   | Received a gift from Okawaru
 10043 | Bailey   | Reached XP level 11. HP: 75/95 MP: 14/14
 10091 | Bailey   | Got a brightly glowing bone ring
 10097 | Bailey   | Identified the ring "Tage Nox" {rC+ SInv} (You took it off a gnoll in a bailey)
 10154 | Bailey   | Reached skill level 11 in Long Blades
 10665 | D:10     | Found a staircase to the Lair.
 10734 | D:10     | Received a gift from Okawaru
 10765 | D:10     | HP: 4/95 [crocodile (7)]
 11722 | D:10     | Got a crude longbow {god gift}
 11723 | D:10     | Identified the +7 longbow of Charity {flame, +Fly MR+} (Okawaru gifted it to you on level 10 of the Dungeon)
 11780 | Lair:1   | Entered Level 1 of the Lair of Beasts
 12002 | Lair:1   | Found a dark tunnel.
 12139 | Volcano  | Entered a volcano
 12606 | Volcano  | Found a burning altar of Makhleb.
 12614 | Volcano  | Received a gift from Okawaru
 12683 | Volcano  | Received a gift from Okawaru
 12730 | Volcano  | Noticed a stone giant
 12740 | Volcano  | Killed a stone giant
 13305 | Lair:1   | Reached XP level 12. HP: 95/105 MP: 16/16
 13860 | Lair:2   | Found a staircase to the Shoals.
 13949 | Lair:2   | Upgraded the game from 0.21-a0-200-gb89f83b to 0.21-a0-201-g8501b10
 14740 | Lair:3   | Reached skill level 10 in Armour
 15040 | Lair:3   | Noticed a four-headed hydra
 15048 | Lair:3   | Killed a one-headed hydra
 15048 | Lair:3   | Received a gift from Okawaru
 15282 | Lair:3   | Found the +4 arc blade {discharge, rElec}
 15304 | Lair:3   | Reached skill level 12 in Long Blades
 15725 | Lair:3   | Reached skill level 5 in Evocations
 16247 | Lair:4   | Noticed a seven-headed hydra
 16255 | Lair:4   | Killed a four-headed hydra
 16255 | Lair:4   | Reached skill level 10 in Fighting
 17127 | Lair:4   | Found a staircase to the Snake Pit.
 17328 | Lair:4   | Noticed a death yak
 17337 | Lair:4   | Killed a death yak
 18067 | Lair:5   | Found a staircase to the Slime Pits.
 18195 | Lair:5   | Reached XP level 13. HP: 104/114 MP: 18/18
 18707 | Lair:5   | Reached skill level 10 in Dodging
 18839 | Lair:5   | Received a gift from Okawaru
 19094 | Lair:6   | Entered Level 6 of the Lair of Beasts
 19398 | Lair:6   | Received a gift from Okawaru
 19725 | Lair:6   | Noticed Rupert
 19732 | Lair:6   | Paralysed by Rupert for 5 turns
 19746 | Lair:6   | Killed Rupert
 19746 | Lair:6   | Received a gift from Okawaru
 19749 | Lair:6   | Got a smoking shield {god gift}
 19890 | Lair:2   | Identified the +2 shield of Duty {rElec Stlth+} (Okawaru gifted it to you on level 6 of the Lair of Beasts)
 19910 | Lair:2   | Gained mutation: You occasionally shout uncontrollably at your foes. [potion of mutation]
 19910 | Lair:2   | Gained mutation: You are frail. (-10% HP) [potion of mutation]
 19910 | Lair:2   | Gained mutation: You are very frail. (-20% HP) [potion of mutation]
 19910 | Lair:2   | Gained mutation: You are agile. (Dex +2) [potion of mutation]
 20027 | Lair:6   | Found a glowing golden altar of the Shining One.
 20600 | Lair:6   | Reached skill level 13 in Long Blades
 21522 | Lair:6   | Noticed a dire elephant
 21522 | Lair:6   | Reached XP level 14. HP: 80/99 MP: 20/20
 22350 | Lair:6   | Reached skill level 10 in Bows
 22360 | Lair:6   | Received a gift from Okawaru
 23001 | D:11     | Received a gift from Okawaru
 23768 | D:12     | Noticed Psyche
 23785 | D:11     | Killed Psyche
 23786 | D:11     | Reached ****** piety under Okawaru
 23786 | D:11     | Received a gift from Okawaru
 24122 | D:12     | Lost mutation: You are very frail. (-20% HP) [potion of mutation]
 24122 | D:12     | Lost mutation: You occasionally shout uncontrollably at your foes. [potion of mutation]
 24122 | D:12     | Lost mutation: You are agile. (Dex +2) [potion of mutation]
 24122 | D:12     | Lost mutation: You are frail. (-10% HP) [potion of mutation]
 24122 | D:12     | Gained mutation: You are occasionally teleported next to monsters. [potion of mutation]
 24122 | D:12     | Gained mutation: You have supernaturally acute eyesight. (SInv) [potion of mutation]
 24444 | D:12     | Found a staircase to the Orcish Mines.
 25071 | D:13     | Reached skill level 10 in Invocations
 25624 | D:13     | Found the +3 giant club "Skullcrusher" {speed, Str+7}
 25721 | D:13     | Gained mutation: You are partially covered in thin metallic scales. (AC +2) [mutagenic meat]
 25723 | D:13     | Gained mutation: You are weak. (Str -2) [mutagenic meat]
 25790 | D:13     | HP: 4/125 [eight-headed hydra (7)]
 27032 | D:13     | Found a gate to the Vaults.
 27161 | D:13     | Reached skill level 14 in Long Blades
 27229 | D:13     | Received a gift from Okawaru
 27354 | D:14     | Reached XP level 15. HP: 132/132 MP: 21/21
 28039 | D:14     | Found a huge runed gate.
 28039 | D:14     | Found a huge runed gate.
 28040 | D:14     | Found a huge runed gate.
 28041 | D:14     | Found a huge runed gate.
 28311 | D:13     | Gained mutation: You have sharp fingernails. [mutagenic meat]
 28312 | D:13     | Gained mutation: Armour fits poorly on your strangely shaped body. [mutagenic meat]
 28313 | D:13     | Lost mutation: You are weak. (Str -2) [mutagenic meat]
 28665 | D:12     | Gained mutation: You are weak. (Str -2) [mutagenic meat]
 28666 | D:12     | Gained mutation: You have sharp toenails. [mutagenic meat]
 28667 | D:12     | Gained mutation: You are robust. (+10% HP) [mutagenic meat]
 28762 | Shoals:1 | Entered Level 1 of the Shoals
 28865 | Lair:2   | Received a gift from Okawaru
 29332 | Shoals:1 | Received a gift from Okawaru
 29335 | Shoals:1 | Got a dazzling cloak {god gift}
 29346 | Shoals:1 | Identified the -4 cloak "Yjos" {+Inv rF- rN++ SInv} (Okawaru gifted it to you on level 1 of the Shoals)
 29491 | Shoals:1 | Lost mutation: You have sharp fingernails. [potion of mutation]
 29491 | Shoals:1 | Lost mutation: Armour fits poorly on your strangely shaped body. [potion of mutation]
 29491 | Shoals:1 | Lost mutation: You have sharp toenails. [potion of mutation]
 29491 | Shoals:1 | Lost mutation: You have supernaturally acute eyesight. (SInv) [potion of mutation]
 29491 | Shoals:1 | Gained mutation: Your system is resistant to poisons. (rPois) [potion of mutation]
 29491 | Shoals:1 | Gained mutation: Your flesh is cold resistant. (rC+) [potion of mutation]
 31359 | Shoals:2 | Received a gift from Okawaru
 31477 | Shoals:3 | Found an ancient bone altar of Kikubaaqudgha.
 31486 | Shoals:3 | Killed from afar by a water nymph

Vault maps used:
D:1:      dpeg_arrival_short_road
D:2:      uniq_crazy_yiuf_cottage
D:3:      gup_sewer_entry_glass, first_bread
D:4:      minmay_temple_entry_overgrown, uniq_blork_the_orc
D:5:      basic_altar
D:6:      ashenzari_altar_1, uniq_edmund
D:7:      the_bakery, minmay_strange_pillars
D:9:      nicolae_overflow_crystal_walls, bh_circular_ruins
D:10:     minmay_lair_entry_grove, serial_shops, shop_statue, enter_bailey_2,
          minivault_5
D:11:     kennysheep_small_circle
D:12:     orc_0_dummy, uniq_psyche
D:13:     david_vaults_4, grunt_ministairs_4, minmay_guarded_unrand_skullcrusher
D:14:     lemuel_bear_cage, hangedman_decor_riveting
Temple:   roderic_octagonal_lattice_temple
Lair:1:   nicolae_volcano_entry_two_sided, serial_bayou_pond_d, minmay_holes,
          grunt_megastairs_2
Lair:2:   minmay_shoals_entry_centaurs, lemuel_fruit_fields
Lair:3:   minmay_lair_oklob_chamber, infiniplex_staircase_pool_2,
          lemuel_fruit_tree
Lair:4:   minmay_snake_entry_guardpost_small, serial_bayou_shore_b,
          lemuel_fruit_fields
Lair:5:   slime_dummy, kilobyte_rumbling_trees, grunt_megastairs_3,
          serial_bayou_shore_a
Lair:6:   hangedman_lair_in_review, basic_altar, uniq_rupert
Shoals:2: nicolae_shoals_water_elemental_grotto
Shoals:3: serial_shops, shop, shop, shop_fountains, shop, shop,
          lemuel_oklob_altar
Sewer:    sewer_co_15_rooms
Bailey:   bailey_axe_4, bailey
Volcano:  volcano_lake

Skill      XL: |  1  2  3  4  5  6  7  8  9 10 11 12 13 14 15 |
---------------+----------------------------------------------+-----
Long Blades    | 4 5 6 7 8 9 10 11 12 13 14 | 14.5
Armour         | 1 2 3 4 5 6 7 8 9 10 11 12 13 | 13.3
Fighting       | 4 5 7 8 9 10 11 12 13 | 13.1
Bows           | 2 3 5 6 7 8 9 10 11 | 11.9
Invocations    | 1 3 4 6 7 8 9 10 11 | 11.1
Dodging        | 4 5 6 7 8 9 10 11 12 | 12.6
Evocations     | 2 4 5 7 8 |  8.9
Stealth        | |  1.5

Action                   |  1- 3 |  4- 6 |  7- 9 | 10-12 | 13-15 || total
-------------------------+-------+-------+-------+-------+-------++-------
Melee: Falchion          |    82 |   185 |   203 |       |       ||   470
       Headbutt          |    11 |    29 |    78 |   147 |   272 ||   537
       Scimitar          |       |       |   163 |   455 |       ||   618
       Punch             |       |       |       |     3 |       ||     3
       Great sword       |       |       |       |   209 |  1073 ||  1282
 Fire: Shortbow          |       |       |       |    70 |       ||    70
       Longbow           |       |       |       |    21 |    80 ||   101
Invok: Heroism           |       |       |     1 |     7 |    10 ||    18
       Finesse           |       |       |       |     1 |     3 ||     4
Evoke: Wand              |       |       |     1 |    10 |     1 ||    12
  Use: Scroll            |     5 |     2 |    12 |     8 |    10 ||    37
       Potion            |       |       |     8 |     1 |     5 ||    14
 Stab: Sleeping          |     2 |       |       |       |       ||     2
  Eat: Chunk             |     1 |     4 |    22 |    33 |    50 ||   110
       Royal jelly       |       |       |       |     1 |       ||     1
       Fruit             |       |       |       |       |     3 ||     3
Armor: Chain mail        |    45 |    89 |    63 |       |       ||   197
       Plate armour      |       |       |    98 |   374 |   680 ||  1152
Dodge: Dodged            |    39 |    60 |   129 |   352 |   686 ||  1266
       Rpst.: Falchion   |     8 |    17 |    23 |       |       ||    48
       Scimitar          |       |       |    12 |    54 |       ||    66
       Great sword       |       |       |       |    52 |   151 ||   203
